 Dungeon Crawl Stone Soup version 0.29.1-4-g47bece8355 (webtiles) character file.

Game seed: 6908478383513965076

624539 iamoutofideas the Conqueror (level 27, -1/358 (367) HPs)
             Began as a Hill Orc Berserker on Dec 8, 2022.
             Was a High Priest of Trog.
             Slain by an emperor scorpion (18 damage)
             ... summoned by a royal mummy
             ... on level 5 of a ziggurat.
             The game lasted 02:42:36 (69624 turns).

iamoutofideas the Conqueror (Hill Orc Berserker)   Turns: 69624, Time: 02:42:37

HP:   -1/358 (367)  AC: 33    Str: 36    XL:     27
MP:   9/9           EV:  2    Int: 10    God:    Trog [*****.]
Gold: 3055          SH: 31    Dex: 10    Spells: 26/26 levels left

rFire   . . .      SeeInvis .   F - +4 broad axe (antimagic)
rCold   + + .      Faith    .   L - +7 tower shield of the End {Drain rElec rC+ Stlth+}
rNeg    + . .      Spirit   .   (body armour currently unavailable)
rPois   +          Reflect  .   (helmet currently unavailable)
rElec   +          Harm     .   (cloak currently unavailable)
rCorr   +          Rampage  .   (gloves currently unavailable)
Will    +++++      NoTele   +   (boots currently unavailable)
Stlth   ++........              d - amulet of Ifossoek {Regen+ Str+4 Int+3 Dex+2}
HPRegen 2.49/turn               T - ring of the Griffon {rF+ rN+ Will- rCorr MP+9}
MPRegen 0.11/turn               H - ring "Wavusel" {Ice Will++}

@: tree-form, strong-willed, regenerating, slowed, studying Transmutations,
lightly drained, very slow
A: stationary, stasis, torment immunity, boosted hp, (hooves 1), clumsy 1,
(deformed body), dopey 1, frail 1, low MP 1, inability to read after injury 1,
devolution 1
}: 5/15 runes: decaying, slimy, silver, abyssal, gossamer
a: Renounce Religion, Berserk, Trog's Hand, Brothers in Arms


You were on level 5 of a ziggurat.
You worshipped Trog.
Trog was extremely pleased with you.
You were a tree.
You visited 11 branches of the dungeon, and saw 52 of its levels.
You visited the Abyss 3 times.
You visited 1 bazaar.
You visited 1 ziggurat, and saw 5 of its levels.
You also visited: Trove and Ice Cave.

You collected 11250 gold pieces.
You spent 8195 gold pieces at shops.

Inventory:

Hand Weapons
 h - the +7 great mace "Firestarter" {inner flame, rF++}
   (You took it off a deep elf sorcerer on level 3 of the Elven Halls)

   It burns those it strikes, dealing additional fire damage.
   It fills those it strikes with an explosive inner flame.
   It grants immunity to clouds of flame.
   rF:        It greatly protects you from fire.
 s - a +7 vampiric broad axe
 F - a +4 antimagic broad axe (weapon)
Armour
 f - a +2 pair of gloves (melded)
 t - a scarf of resistance (melded)
 u - the +5 plate armour "Noraock" (melded) {rN+ Str+4 Dex+3}
   (You found it on level 5 of the Vaults)

   Str:       It affects your strength (+4).
   Dex:       It affects your dexterity (+3).
   rN:        It protects you from negative energy.
 x - a +2 helmet of see invisible (melded)
 J - a +5 plate armour of willpower
 L - the +7 tower shield of the End (worn) {Drain rElec rC+ Stlth+}
   (You took it off Louise on level 2 of the Elven Halls)

   rC:        It protects you from cold.
   rElec:     It insulates you from electricity.
   Drain:     It drains your maximum health when unequipped.
   Stlth:     It makes you more stealthy.
 Q - the +3 pair of seven-league boots (melded) {Rampage+∞}
   (You acquired it on level 3 of the Vaults)

   Its wearer moves as far as possible in that direction when moving towards
   enemies.
 W - +4 gold dragon scales
Jewellery
 b - the ring of Dutes {rElec rPois rC+ Str+6 Int+2}
   (You found it in a treasure trove)

   [ring of strength]

   Str:       It affects your strength (+6).
   Int:       It affects your intelligence (+2).
   rC:        It protects you from cold.
   rElec:     It insulates you from electricity.
   rPois:     It protects you from poison.
 d - the amulet of Ifossoek (around neck) {Regen+ Str+4 Int+3 Dex+2}
   (You bought it in a shop on level 1 of the Depths)

   [amulet of regeneration]

   Str:       It affects your strength (+4).
   Int:       It affects your intelligence (+3).
   Dex:       It affects your dexterity (+2).
   Regen:     It increases your rate of health regeneration.
 H - the ring "Wavusel" (right branch) {Ice Will++}
   (You found it in an ice cave)

   [ring of ice]

   It enhances your ice magic.
   rF:        It makes you vulnerable to fire.
   rC:        It protects you from cold.
   Will:      It greatly increases your willpower.
 T - the ring of the Griffon (left branch) {rF+ rN+ Will- rCorr MP+9}
   (You took it off a tengu conjurer on level 1 of the Depths)

   [ring of positive energy]

   rF:        It protects you from fire.
   rN:        It protects you from negative energy.
   MP:        It affects your magic capacity (+9).
   rCorr:     It protects you from acid and corrosion.
   Will:      It decreases your willpower.
 V - the ring "Roomake" {rN+ SInv}
   (You found it on level 14 of the Dungeon)

   [ring of see invisible]

   rN:        It protects you from negative energy.
   SInv:      It lets you see invisible.
 X - the ring "Rukaqoi" {rF+ Dex+2}
   (You found it on level 1 of the Depths)

   [ring of protection from fire]

   Dex:       It affects your dexterity (+2).
   rF:        It protects you from fire.
Wands
 c - a wand of roots (39)
 v - a wand of digging (11)
 w - a wand of mindburst (47)
 y - a wand of quicksilver (18)
 A - a wand of polymorph (12)
 C - a wand of charming (52)
Scrolls
 i - 45 scrolls of teleportation
 j - 15 scrolls of fear
 k - 15 scrolls of blinking
 l - 2 scrolls of summoning
 m - 10 scrolls of poison
 r - 4 scrolls of immolation
 B - 10 scrolls of fog
 I - a scroll of silence
 U - 7 scrolls of magic mapping
Potions
 g - 5 potions of cancellation
 n - 19 potions of attraction
 o - 13 potions of lignification
 p - 6 potions of might
 z - 5 potions of invisibility
 D - 7 potions of haste
 E - 6 potions of ambrosia
 G - 3 potions of flight
 K - 10 potions of curing
 N - 9 potions of berserk rage
 O - 6 potions of magic
 R - 4 potions of resistance
Miscellaneous
 P - a condenser vane


   Skills:
 O Level 27 Fighting
 O Level 27 Axes
 - Level 0.8(15.4) Maces & Flails
 O Level 27 Armour
 + Level 9.8 Dodging
 O Level 27 Shields


You had 26 spell levels left.
You didn't know any spells.
Your spell library contained the following spells:

 Spells                   Type           Power      Damage    Failure   Level
 Freeze                   Ice            0%         1d3       36%         1
 Magic Dart               Conj           0%         1d3       36%         1
 Necrotise                Necr           0%         1d4       36%         1
 Sandblast                Erth           0%         2d4       36%         1
 Shock                    Conj/Air       0%         1d3       36%         1
 Summon Small Mammal      Summ           0%         N/A       36%         1
 Blink                    Tloc           0%         N/A       50%         2
 Call Imp                 Summ           0%         N/A       50%         2
 Passwall                 Tmut/Erth      0%         N/A       50%         2
 Scorch                   Fire           0%         2d5       50%         2
 Searing Ray              Conj           0%         2d4       50%         2
 Static Discharge         Conj/Air       0%         3-3/arc   50%         2
 Call Canine Familiar     Summ           0%         N/A       75%         3
 Conjure Flame            Conj/Fire      0%         6-21      75%         3
 Dazzling Flash           Conj/Hex       0%         N/A       75%         3
 Frozen Ramparts          Ice            0%         1d1       75%         3
 Gell's Gravitas          Tloc           0%         N/A       75%         3
 Ignite Poison            Fire/Tmut/Pois 0%         N/A       75%         3
 Lesser Beckoning         Tloc           0%         N/A       75%         3
 Mephitic Cloud           Conj/Pois/Air  0%         N/A       75%         3
 Portal Projectile        Hex/Tloc       0%         N/A       75%         3
 Stone Arrow              Conj/Erth      0%         3d7       75%         3
 Summon Guardian Golem    Hex/Summ       0%         N/A       75%         3
 Swiftness                Air            0%         N/A       75%         3
 Teleport Other           Tloc           0%         N/A       75%         3
 Vampiric Draining        Necr           0%         2d6       75%         3
 Airstrike                Air            0%         2d(0-16)  98%         4
 Anguish                  Hex/Necr       0%         N/A       98%         4
 Animate Armour           Summ/Erth      0%         N/A       98%         4
 Animate Dead             Necr           0%         N/A       98%         4
 Cause Fear               Hex            0%         N/A       98%         4
 Corpse Rot               Necr/Pois/Air  0%         N/A       98%         4
 Dispel Undead            Necr           0%         3d6       98%         4
 Flame Wave               Conj/Fire      0%         2d4       98%         4
 Fulminant Prism          Conj/Hex       0%         3d6       98%         4
 Hailstorm                Conj/Ice       0%         3d3       98%         4
 Ice Form                 Ice/Tmut       0%         N/A       98%         4
 Iskenderun's Mystic Bla  Conj/Tloc      0%         2d3       98%         4
 Leda's Liquefaction      Hex/Erth       0%         N/A       98%         4
 Olgreb's Toxic Radiance  Pois           0%         N/A       98%         4
 Passage of Golubria      Tloc           0%         N/A       98%         4
 Petrify                  Tmut/Erth      0%         N/A       98%         4
 Sticky Flame             Conj/Fire      0%         2d3       98%         4
 Summon Ice Beast         Ice/Summ       0%         N/A       98%         4
 Agony                    Necr           0%         N/A       100%        5
 Alistair's Intoxication  Tmut/Pois      0%         N/A       100%        5
 Blade Hands              Tmut           0%         N/A       100%        5
 Borgnjor's Vile Clutch   Necr/Erth      0%         N/A       100%        5
 Fireball                 Conj/Fire      0%         3d3       100%        5
 Freezing Cloud           Conj/Ice/Air   0%         6-21      100%        5
 Iskenderun's Battlesphe  Conj           0%         2d6       100%        5
 Lightning Bolt           Conj/Air       0%         1d11      100%        5
 Manifold Assault         Tloc           0%         N/A       100%        5
 Metabolic Englaciation   Hex/Ice        0%         N/A       100%        5
 Silence                  Hex/Air        0%         N/A       100%        5
 Summon Forest            Summ/Tloc      0%         N/A       100%        5
 Summon Mana Viper        Hex/Summ       0%         N/A       100%        5
 Yara's Violent Unravell  Hex/Tmut       0%         3d3       100%        5
 Conjure Ball Lightning   Conj/Air       0%         3x3d6     100%        6
 Death Channel            Necr           0%         N/A       100%        6
 Dispersal                Tloc           0%         N/A       100%        6
 Eringya's Noxious Bog    Tmut/Pois      0%         N/A       100%        6
 Iron Shot                Conj/Erth      0%         9d1       100%        6
 Simulacrum               Ice/Necr       0%         N/A       100%        6
 Starburst                Conj/Fire      0%         6d3       100%        6
 Statue Form              Tmut/Erth      0%         N/A       100%        6
 Summon Cactus Giant      Summ           0%         N/A       100%        6
 Dragon Form              Tmut           0%         N/A       100%        7
 Enfeeble                 Hex            0%         N/A       100%        7
 Haunt                    Necr/Summ      0%         N/A       100%        7
 Orb of Destruction       Conj           0%         9d5       100%        7
 Ozocubu's Refrigeration  Ice            0%         4d7       100%        7
 Summon Hydra             Summ           0%         N/A       100%        7
 Borgnjor's Revivificati  Necr           0%         N/A       100%        8
 Ignition                 Fire           0%         3d3       100%        8
 Infestation              Necr           0%         N/A       100%        8
 Lehudib's Crystal Spear  Conj/Erth      0%         10d2      100%        8
 Maxwell's Capacitive Co  Air            0%         ∞         100%        8
 Necromutation            Tmut/Necr      0%         N/A       100%        8
 Death's Door             Necr           0%         N/A       100%        9
 Dragon's Call            Summ           0%         N/A       100%        9
 Polar Vortex             Ice            0%         N/A       100%        9
 Shatter                  Erth           0%         3d5*      100%        9


Dungeon Overview and Level Annotations

Branches:
Dungeon (15/15)            Temple (1/1) D:7            Lair (5/5) D:10
  Swamp (4/4) Lair:3       Spider (4/4) Lair:2        Slime (5/5) Lair:4
    Orc (2/2) D:12            Elf (3/3) Orc:2        Vaults (5/5) D:13
  Crypt (0/3) Vaults:3     Depths (4/4) D:15            Zot (4/5) Depths:4
  IceCv (visited)

Altars:
Ashenzari
Cheibriados
Dithmenos
Elyvilon
Fedhas
Gozag
Hepliaklqana
Kikubaaqudgha
Makhleb
Okawaru
Ru
Sif Muna
Trog
Uskayaw
Vehumet
Wu Jian
Xom
Yredelemnul
Zin
The Shining One
Beogh
Lugonu

Shops:
D:12 [   Orc:2 ![([   Elf:3 [   Vaults:3 [[*?:   Vaults:4 ![!   Depths:1 [:(=
Depths:4 =:=

Portals:
Hell: Depths:1 Depths:2 Depths:3 Depths:4
Abyss: Depths:2 Depths:3
Pandemonium: Depths:2

Annotations:
Temple 4 transporters
Elf:2 3 runed translucent doors
Depths:3 exclusion: downstairs
Zot:1 3 runed translucent doors, Yliz's ghost, legendary DsBe


Innate Abilities, Weirdness & Mutations

You are a tree.
Your roots penetrate the ground, keeping you stationary.
You cannot be teleported.
You are immune to unholy pain and torment.
Your maximum health is greatly increased.
Your equipment is partially melded.
((You have large cloven feet.))
You are clumsy. (Dex -2)
((Armour fits poorly on your strangely shaped body.))
You are dopey. (Int -2)
You are frail. (-10% HP)
Your magical capacity is low. (-10% MP)
You occasionally lose the ability to read scrolls when taking damage.
You have hidden genetic defects.


Message History

You block the death scarab's attack.
You block the emperor scorpion's attack.
The emperor scorpion claws you but does no damage.
The emperor scorpion claws you.
* * * LOW HITPOINT WARNING * * *
Unknown command.
You hit the royal mummy but do no damage.
The royal mummy is severely damaged.
You barely miss the death scarab. You barely miss the emperor scorpion.
You barely miss the death scarab. You closely miss the death scarab.
You hit the death scarab but do no damage.
You completely miss the death scarab. You slash the emperor scorpion!
You block the death scarab's attack. x3; The death scarab bites you!
* * * LOW HITPOINT WARNING * * *
The death scarab draws strength from your injuries!
The death scarab bites you but does no damage.
The death scarab bites you!
* * * LOW HITPOINT WARNING * * *
The death scarab draws strength from your injuries!
The royal mummy falters for a moment.
You block the emperor scorpion's attack.
The emperor scorpion claws you but does no damage.
The emperor scorpion completely misses you.
The emperor scorpion stings you but does no damage.
The emperor scorpion claws you but does no damage. x2
The death scarab bites you but does no damage.
You feel better.
The death scarab disappears in a puff of smoke!
You block the death scarab's attack. x3
The death scarab bites you but does no damage. x4
The royal mummy hits you!
* * * LOW HITPOINT WARNING * * *
The emperor scorpion barely misses you.
You block the emperor scorpion's attack.
The emperor scorpion claws you but does no damage.
The emperor scorpion stings you but does no damage.
You block the emperor scorpion's attack.
The emperor scorpion claws you but does no damage.
The emperor scorpion stings you!!
You die...

▓▓▓ ▓▓▓▓▓.▓▓▓▓▓
▓▓.........▓▓
▓▓...........▓▓
▓........BZ...▓
▓▓........BBs∩.▓▓
▓..∩.....B§♣B>).▓
▓▓........sMsB.▓▓
▓.........Z...▓
▓▓.........§.▓▓
▓▓.........▓▓
▓▓▓▓▓.▓▓▓▓▓ ▓▓▓


You could see a royal mummy (magic disrupted), 3 emperor scorpions, 6 death
scarabs, a shadow dragon skeleton and a frost giant skeleton.

Vanquished Creatures
  the Royal Jelly (Slime:5)
  2 dread liches
  A juggernaut (Zig:1)
  Josephina (Zot:2)
  the Lernaean hydra (Swamp:3)
  Bai Suzhen (Vaults:5)
  2 caustic shrikes
  2 curse toes
  9 golden dragons
  Jory (Vaults:5)
  Nikola (Spider:1)
  4 bone dragons
  A hellephant (Abyss:5)
  Jorgrun (Swamp:2)
  Mlioglotl (Swamp:4)
  17 tentacled monstrosities
  7 liches
  4 deep elf blademasters
  The ghost of endersaim the Spry, an adept MfSk of Qazlal (Spider:2)
  28 acid blobs
  5 quicksilver dragons
  2 deep elf master archers (Elf:3)
  5 titans (Vaults:5)
  5 death cobs
  4 sphinxes
  Frances (D:13)
  18 storm dragons
  3 thorn hunters
  9 tentacled starspawn
  7 tengu reavers
  6 shadow dragons
  4 draconian monks
  15 rockslimes
  3 fire giants
  A frost giant (shapeshifter) (Vaults:5)
  7 emperor scorpions
  9 azure jellies
  2 draconian knights
  An iron dragon (Vaults:5)
  7 frost giants
  Aizul (Elf:1)
  3 orc warlords
  2 cacodemons (Abyss:5)
  4 spectral caustic shrikes (Depths:1)
  9 draconian scorchers
  6 deep elf sorcerers
  8 ghost moths
  Louise (Elf:2)
  22 vault wardens
  2 deep elf elementalists
  4 draconian shifters (Zot:3)
  A quicksilver ooze (shapeshifter) (Vaults:5)
  A broodmother (Spider:2)
  5 draconian stormcallers
  2 spriggan defenders (Depths:2)
  5 draconian annihilators
  The ghost of Ytheofip the Cleaver, a journeyman FoFi of Okawaru (D:14)
  4 war gargoyles
  21 ironbound preservers
  10 ironbound thunderhulks
  16 stone giants
  An eleionoma (shapeshifter) (Vaults:5)
  9 quicksilver oozes
  17 very ugly things
  Nessos (D:12)
  3 vampire knights
  14 yellow draconians
  6 deep elf demonologists
  An eleionoma (Swamp:3)
  10 red draconians
  5 bunyips
  6 green draconians
  12 deep elf annihilators
  8 white draconians
  7 purple draconians
  10 dire elephants
  8 black draconians
  5 entropy weavers
  6 spark wasps
  A mummy priest (Zig:5)
  8 deep elf death magi (Elf:3)
  4 crystal guardians
  A merfolk impaler (Abyss:5)
  3 blizzard demons (Abyss:5)
  8 fire dragons
  3 shambling mangroves (Swamp:2)
  15 ettins
  8 deep elf high priests
  A green death (Abyss:5)
  16 yaktaur captains
  Erolcha (D:10)
  12 great orbs of eyes
  4 rakshasas
  10 ice dragons
  9 boulder beetles
  24 hydras
  A jorogumo (Spider:2)
  A catoblepas (D:13)
  41 vault guards
  A two-headed ogre (shapeshifter) (Vaults:4)
  3 peacekeepers
  A hell beast (Depths:3)
  4 spriggan air magi
  6 centaur warriors
  2 radroaches
  2 ogre magi
  8 ghost crabs
  16 ironbound frosthearts
  A death knight (D:15)
  4 deep troll shamans (Depths:2)
  14 two-headed ogres
  An alligator (shapeshifter) (Depths:2)
  9 alligators
  A death scarab (Zig:5)
  4 deep troll earth magi
  4 hell hogs
  19 death yaks
  8 tengu warriors
  17 thrashing horrors
  4 orc high priests
  11 dancing weapons
  8 hell knights
  2 soul eaters
  8 deep elf knights
  Sonja (Lair:1)
  7 spriggan berserkers
  A storm dragon zombie (Depths:3)
  A sun demon (Depths:3)
  An iron troll (Depths:2)
  2 sixfirhies (Abyss:5)
  5 pharaoh ants
  7 wretched stars
  A titan skeleton (Depths:3)
  A storm dragon skeleton (Depths:3)
  A goliath frog (Swamp:2)
  3 sun moths
  2 flayed ghosts
  A spatial maelstrom (Abyss:5)
  6 steelbarb worms
  5 spriggan druids
  A salamander mystic (Depths:3)
  2 spark wasp zombies (Depths:3)
  5 obsidian statues
  63 deep trolls
  3 bog bodies
  5 glowing orange brains
  10 orb spiders
  10 swamp dragons
  9 deep elf archers
  A spriggan simulacrum (Depths:3)
  9 phantasmal warriors
  5 orc knights
  8 lindwurms
  5 harpies (Vaults:1)
  13 ironbound convokers
  16 deep elf zephyrmancers
  A frost giant zombie (Vaults:3)
  3 orange crystal statues
  7 wizards
  23 deep elf pyromancers
  5 necromancers
  26 ugly things
  5 orc sorcerers
  2 oklob plants (Swamp:2)
  A faun (shapeshifter) (Vaults:5)
  5 salamanders (Depths:3)
  4 will-o-the-wisps
  A shining eye (shapeshifter) (Depths:4)
  20 wolf spiders
  A manticore (shapeshifter) (Vaults:5)
  4 shining eyes
  A worldbinder (Abyss:5)
  A shadow dragon skeleton (Vaults:5)
  2 cyclopes
  6 manticores
  A frost giant skeleton (Vaults:3)
  15 moths of wrath
  Joseph (D:8)
  A molten gargoyle (Depths:3)
  9 torpor snails
  2 ice statues
  13 vault sentinels
  8 cane toads
  4 eyes of devastation
  2 gargoyles
  5 black mambas
  10 apocalypse crabs
  7 smoke demons
  2 orange demons (Abyss:5)
  3 kobold demonologists (D:11)
  A storm dragon simulacrum (Zot:2)
  11 demonic crawlers
  Psyche (D:8)
  A dire elephant skeleton (Abyss:2)
  An elf zombie (Vaults:3)
  2 unseen horrors
  2 guardian mummies
  6 freezing wraiths
  A rime drake (shapeshifter) (Vaults:5)
  5 tengu conjurers
  15 rime drakes
  4 komodo dragons
  31 yaktaurs
  An efreet (Abyss:5)
  3 ancient zymes (Abyss:5)
  4 trolls
  An ice devil (Abyss:5)
  16 hornets
  A hellwing (Abyss:5)
  16 tyrant leeches
  34 tarantellas
  3 meliai (Spider:3)
  A hornet (shapeshifter) (Vaults:5)
  12 polar bears
  A tengu simulacrum (Depths:3)
  23 raiju
  127 slime creatures
  8 dream sheep
  10 blink frogs
  A blink frog (shapeshifter) (D:14)
  Grinder (D:3)
  18 culicivoras
  25 jumping spiders
  30 large abominations
  A fire giant simulacrum (Vaults:3)
  A ynoxinul (Abyss:5)
  A shadow (D:11)
  2 wraiths
  4 spriggans
  A human (Orc:2)
  5 air elementals
  5 fire bats
  14 golden eyes
  2 water elementals
  A dire elephant simulacrum (Abyss:5)
  3 wyverns
  36 yaks
  4 basilisks
  3 fire elementals
  6 small abominations (Abyss:5)
  9 neqoxecs (Abyss:5)
  11 steam dragons (Lair:3)
  A chaos spawn (Abyss:2)
  52 redbacks
  A spatial vortex (Abyss:5)
  5 wargs
  10 vampire mosquitoes
  13 swamp worms
  6 acid dragons
  5 water moccasins
  A floating eye (Slime:5)
  A floating eye (shapeshifter) (Vaults:3)
  41 orc warriors
  4 hell hounds (Orc:2)
  A moth of wrath simulacrum (Zot:2)
  3 sky beasts (D:7)
  A black bear (shapeshifter) (Depths:2)
  4 ice beasts
  13 swamp drakes
  A floating eye zombie (Depths:3)
  2 centaurs
  9 ogres
  6 kobold brigands
  2 phantoms (D:6)
  8 bullfrogs
  3 earth elementals
  A gnoll sergeant (D:7)
  A scorpion (D:6)
  2 human skeletons (Vaults:5)
  A glowing shapeshifter simulacrum (Vaults:5)
  5 wights (D:7)
  5 killer bees (D:9)
  3 howler monkeys (D:9)
  An electric eel (Spider:4)
  A lava snake (D:15)
  25 starcursed masses
  A quasit (Abyss:2)
  2 gnoll boudas
  A hound (D:5)
  17 orc priests
  A jelly (D:6)
  9 iguanas
  31 orc wizards
  A mummy (Zig:5)
  18 gnolls
  8 adders
  2 white imps
  2 ufetubi
  A worm (D:2)
  3 dart slugs
  112 orcs
  10 bats
  5 endoplasms
  4 giant cockroaches
  9 goblins
  4 hobgoblins
  3 jackals (D:1)
  2 quokkas
  3 ball pythons
  4 frilled lizards
  33 kobolds
  15 rats
  A spectral hobgoblin (D:1)
  9 briar patches
  2 lurking horrors (Abyss:5)
  3 starspawn tentacles
2277 creatures vanquished.

Vanquished Creatures (collateral kills)
  Saint Roka (Orc:2)
  A caustic shrike (Depths:4)
  2 tentacled monstrosities
  A draconian monk (Zot:2)
  2 draconian scorchers (Zot:2)
  2 very ugly things (Depths:4)
  A white draconian (Zot:1)
  Azrael (Orc:2)
  An ice dragon (Depths:4)
  A hydra (Lair:3)
  A hell hog (Abyss:5)
  A flayed ghost (Depths:4)
  A wolf spider (Spider:2)
  An ugly thing (Depths:4)
  A smoke demon (Abyss:5)
  A starcursed mass (Abyss:5)
  A golden dragon simulacrum (Zot:2)
  A raiju (Abyss:5)
  A ynoxinul (Abyss:5)
  A large abomination (Abyss:5)
  A redback (Spider:2)
  A yellow draconian simulacrum (Zot:2)
  A floating eye (shapeshifter) (Depths:4)
  A moth of wrath simulacrum (Zot:2)
  An orc warrior (Orc:2)
  An orc priest (Orc:2)
  4 orcs (Orc:2)
33 creatures vanquished.

Vanquished Creatures (others)
  A draconian knight (Zot:2)
  An ice dragon (IceCv)
  A hell knight (Vaults:5)
  An orb spider (Zot:2)
  A moth of wrath (Zot:2)
  3 tyrant leeches (Spider:3)
  A tarantella (Zot:2)
  A raiju (Depths:2)
  2 jumping spiders (Zot:2)
  A large abomination (Abyss:5)
  An orc warrior (Elf:1)
  A lava snake (D:15)
  A starcursed mass (Abyss:5)
  A briar patch (Swamp:1)
  16 foxfires
  25 fungi
  A lurking horror (Abyss:5)
  45 plants
  22 starspawn tentacles
126 creatures vanquished.

Grand Total: 2436 creatures vanquished

Notes
Turn   | Place    | Note
-------+----------+-------------------------------------------
     0 | D:1      | iamoutofideas the Hill Orc Berserker began the quest for
                  | the Orb.
     0 | D:1      | Reached XP level 1. HP: 19/19 MP: 1/1
   307 | D:1      | Reached XP level 2. HP: 20/27 MP: 2/2
   451 | D:1      | Found a faded altar of an unknown god.
   912 | D:1      | Reached XP level 3. HP: 23/33 MP: 3/3
  1073 | D:1      | Reached skill level 5 in Axes
  1296 | D:1      | Reached ** piety under Trog
  1749 | D:2      | Reached XP level 4. HP: 26/40 MP: 4/4
  2388 | D:2      | Reached XP level 5. HP: 46/46 MP: 5/5
  2593 | D:2      | Found a glowing golden altar of the Shining One.
  2850 | D:3      | Found a sacrificial altar of Ru.
  3273 | D:3      | Noticed Grinder
  3286 | D:3      | Killed Grinder
  3287 | D:3      | Reached XP level 6. HP: 49/52 MP: 6/6
  4251 | D:4      | Reached XP level 7. HP: 53/59 MP: 7/7
  4511 | D:4      | Reached skill level 10 in Axes
  5052 | D:5      | Entered Level 5 of the Dungeon
  5189 | D:5      | Found an opulent altar of Gozag.
  5194 | D:5      | Found a blossoming altar of Fedhas.
  5541 | D:5      | Found a hide-covered altar of Uskayaw.
  5768 | D:5      | Found a white marble altar of Elyvilon.
  5821 | D:5      | Reached XP level 8. HP: 66/66 MP: 8/8
  6399 | D:6      | Killed an unseen horror
  6703 | D:6      | Found a glowing silver altar of Zin.
  6749 | D:6      | Reached skill level 5 in Armour
  6775 | D:6      | Identified a scroll of acquirement
  6775 | D:6      | Acquired the amulet "Naeroum" {Spirit -Cast Regen+ Int-2
                  | SInv}
  7400 | D:7      | Reached XP level 9. HP: 71/71 MP: 6/9
  7427 | D:7      | Found a staircase to the Ecumenical Temple.
  7654 | D:7      | Reached *** piety under Trog
  7862 | D:7      | Reached skill level 15 in Axes
  7876 | Temple   | Entered the Ecumenical Temple
  7876 | Temple   | Found a transporter.
  7876 | Temple   | Found a transporter.
  7878 | Temple   | Found a transporter.
  7878 | Temple   | Found a transporter.
  8172 | D:8      | Noticed Joseph
  8186 | D:8      | Killed Joseph
  8289 | D:8      | Reached skill level 5 in Fighting
  8289 | D:8      | Reached XP level 10. HP: 81/81 MP: 6/10
  8338 | D:8      | Noticed a two-headed ogre
  8348 | D:8      | Killed a two-headed ogre
  9141 | D:8      | Noticed Psyche
  9173 | D:8      | Killed Psyche
  9806 | D:9      | Noticed a two-headed ogre
  9828 | D:9      | Killed a two-headed ogre
  9970 | D:9      | Reached XP level 11. HP: 95/95 MP: 11/11
 10171 | D:10     | Entered Level 10 of the Dungeon
 10215 | D:10     | Noticed a two-headed ogre
 10223 | D:10     | Killed a two-headed ogre
 10251 | D:10     | Found a broken altar of Ashenzari.
 10531 | D:10     | Noticed Erolcha
 10536 | Abyss:2  | Cast into level 2 of the Abyss (Erolcha)
 10542 | Abyss:2  | Noticed a rakshasa
 10568 | Abyss:2  | Found a candlelit altar of Ignis.
 10624 | Abyss:2  | Noticed a tentacled monstrosity
 10638 | Abyss:2  | Found a corrupted altar of Lugonu.
 10661 | D:10     | Escaped the Abyss
 10668 | D:10     | Killed Erolcha
 10669 | D:10     | Reached skill level 10 in Fighting
 10750 | D:10     | Noticed a two-headed ogre
 10757 | D:10     | Killed a two-headed ogre
 11076 | D:10     | Found a staircase to the Lair.
 11359 | D:11     | Noticed a two-headed ogre
 11366 | D:11     | Killed a two-headed ogre
 11421 | D:11     | Noticed a two-headed ogre
 11428 | D:11     | Killed a two-headed ogre
 11450 | D:11     | Reached **** piety under Trog
 11595 | D:11     | Noticed a soul eater
 11606 | D:11     | Noticed a sixfirhy
 11661 | D:11     | Reached XP level 12. HP: 112/112 MP: 12/12
 11839 | D:11     | Noticed a two-headed ogre
 11845 | D:11     | Killed a two-headed ogre
 12087 | D:11     | Noticed a soul eater
 12222 | D:12     | Noticed Nessos
 12238 | D:12     | Killed Nessos
 12252 | D:12     | Acquired 812 gold pieces
 12295 | D:12     | Noticed a boulder beetle
 12307 | D:12     | Killed a boulder beetle
 12426 | D:12     | Found a staircase to the Orcish Mines.
 12899 | D:12     | Found Beeqom's Armour Shop.
 12918 | D:12     | Bought a +1 helmet of see invisible for 247 gold pieces
 12918 | D:12     | Bought a +2 chain mail of cold resistance for 322 gold
                  | pieces
 12980 | D:12     | Noticed a boulder beetle
 12991 | D:12     | Killed a boulder beetle
 13334 | Lair:1   | Entered Level 1 of the Lair of Beasts
 13556 | Lair:1   | Noticed a death yak
 13559 | Lair:1   | Noticed a death yak
 13559 | Lair:1   | Noticed a death yak
 13559 | Lair:1   | Noticed a death yak
 13567 | Lair:1   | Killed a death yak
 13569 | Lair:1   | Killed a death yak
 13570 | Lair:1   | Noticed a death yak
 13574 | Lair:1   | Killed a death yak
 13580 | Lair:1   | Killed a death yak
 13581 | Lair:1   | Killed a death yak
 13581 | Lair:1   | Reached ***** piety under Trog
 13680 | Lair:1   | Noticed Sonja
 13686 | Lair:1   | Killed Sonja
 13687 | Lair:1   | Reached skill level 15 in Fighting
 13687 | Lair:1   | Reached XP level 13. HP: 112/126 MP: 9/13
 13746 | Lair:1   | Reached skill level 5 in Dodging
 13782 | Lair:1   | Identified the +8 sling "Qeeluy" {flame, Fly rElec rPois
                  | Str+6}
 14258 | Lair:2   | Found a hole to the Spider Nest.
 14601 | Lair:2   | Received a gift from Trog
 15744 | Lair:3   | Found a staircase to the Swamp.
 16974 | Lair:4   | Found a staircase to the Slime Pits.
 17199 | Lair:5   | Entered Level 5 of the Lair of Beasts
 17416 | Orc:1    | Entered Level 1 of the Orcish Mines
 17516 | Orc:1    | Reached XP level 14. HP: 140/140 MP: 11/14
 17551 | Orc:1    | Found an iron altar of Okawaru.
 17701 | Orc:2    | Entered Level 2 of the Orcish Mines
 17712 | Orc:2    | Found a staircase to the Elven Halls.
 17772 | Orc:2    | Found a flickering gateway to a bazaar.
 17772 | Orc:2    | Noticed Azrael
 17783 | Orc:2    | Killed Azrael
 17796 | Bazaar   | Entered a bazaar
 17949 | Bazaar   | Found Uppynaps's Book Shoppe.
 17949 | Bazaar   | Found Duon's Assorted Antiques.
 17971 | Bazaar   | Found Tivienk's Weapon Shoppe.
 17971 | Bazaar   | Found Bisaf's Antique Armour Emporium.
 17993 | Bazaar   | Found Paemyd's Jewellery Shoppe.
 17993 | Bazaar   | Found Xaideh's Book Emporium.
 18102 | Bazaar   | Bought a ring of poison resistance for 280 gold pieces
 18154 | Bazaar   | Bought a potion of haste for 300 gold pieces
 18154 | Bazaar   | Bought a potion of heal wounds for 150 gold pieces
 18280 | Orc:2    | Found a roughly hewn altar of Beogh.
 18397 | Orc:2    | Found a shimmering altar of Xom.
 18503 | Orc:2    | Found a roughly hewn altar of Beogh.
 18706 | Orc:2    | Noticed an orc warlord
 18722 | Orc:2    | Killed an orc warlord
 18752 | Orc:2    | Reached skill level 10 in Armour
 18823 | Orc:2    | Found a roughly hewn altar of Beogh.
 18829 | Orc:2    | Found Esuzir's Armour Boutique.
 18922 | Orc:2    | Found a roughly hewn altar of Beogh.
 18967 | Orc:2    | Found Fucer's Distillery.
 19109 | Orc:2    | Noticed Saint Roka
 19156 | Orc:2    | Killed Saint Roka
 19250 | Orc:2    | Found Irghoola's Antique Armour Shoppe.
 19251 | Orc:2    | Found a roughly hewn altar of Beogh.
 19252 | Orc:2    | Found Lovytui's Antique Weapon Emporium.
 19265 | Orc:2    | Bought a pair of glowing boots for 225 gold pieces
 19265 | Orc:2    | Bought a runed buckler for 225 gold pieces
 19435 | Orc:1    | Reached skill level 1 in Shields
 19678 | Orc:2    | Bought a potion of heal wounds for 65 gold pieces
 19678 | Orc:2    | Bought a potion of heal wounds for 65 gold pieces
 19678 | Orc:2    | Bought a potion of heal wounds for 65 gold pieces
 19678 | Orc:2    | Bought a potion of lignification for 39 gold pieces
 19678 | Orc:2    | Bought a potion of haste for 130 gold pieces
 19678 | Orc:2    | Bought 2 potions of mutation for 208 gold pieces
 19678 | Orc:2    | Bought 2 potions of mutation for 208 gold pieces
 19678 | Orc:2    | Gained mutation: You are frail. (-10% HP) [potion of
                  | mutation]
 19678 | Orc:2    | Gained mutation: You have sharp toenails. [potion of
                  | mutation]
 19679 | Orc:2    | Lost mutation: You are frail. (-10% HP) [potion of
                  | mutation]
 19679 | Orc:2    | Lost mutation: You have sharp toenails. [potion of
                  | mutation]
 19679 | Orc:2    | Gained mutation: Your spells are a little harder to cast,
                  | but a little more powerful. [potion of mutation]
 19679 | Orc:2    | Gained mutation: Your flesh is cold resistant. (rC+)
                  | [potion of mutation]
 20347 | D:13     | Found a gate to the Vaults.
 20772 | D:13     | Found a portal to a secret trove of treasure.
 21029 | D:13     | Noticed Frances
 21041 | D:13     | Killed Frances
 21261 | D:14     | Reached XP level 15. HP: 152/152 MP: 15/15
 21338 | D:14     | Found a runed translucent door.
 21840 | D:14     | Found a transporter.
 21841 | D:14     | Noticed Ytheofip's ghost (journeyman FoFi)
 21841 | D:14     | Identified the +9 great mace "Buptiev" {vorpal, rElec}
 21841 | D:14     | Noticed a frost giant
 21846 | D:14     | Found a transporter.
 22182 | D:15     | Entered Level 15 of the Dungeon
 23070 | D:15     | Found a staircase to the Depths.
 23542 | Lair:5   | Received a gift from Trog
 23974 | Lair:5   | Found a snail-covered altar of Cheibriados.
 24116 | Lair:5   | Found a runed translucent door.
 24185 | Lair:5   | Reached XP level 16. HP: 148/167 MP: 11/16
 24237 | Lair:5   | Paralysed by a hornet for 2 turns
 25074 | Spider:1 | Entered Level 1 of the Spider Nest
 25082 | Spider:1 | Reached skill level 5 in Shields
 25497 | Spider:1 | You are sucked into a shaft and drop 1 floor!
 25514 | Spider:2 | Noticed endersaim's ghost (adept MfSk)
 25563 | Spider:1 | Noticed Nikola
 25587 | Spider:1 | Killed Nikola
 25693 | Spider:2 | Received a gift from Trog
 25928 | Spider:2 | Found a frozen archway.
 25946 | IceCv    | Entered an ice cave
 26215 | IceCv    | Reached XP level 17. HP: 151/178 MP: 4/17
 26364 | IceCv    | Identified the ring "Wavusel" {Ice Will++}
 26447 | IceCv    | Reached ****** piety under Trog
 26748 | Spider:2 | Received a gift from Trog
 26892 | Spider:2 | Found a runed translucent gate.
 26922 | Spider:2 | Found a runed translucent gate.
 26922 | Spider:2 | Found a runed translucent gate.
 27724 | D:14     | Killed Ytheofip's ghost
 27742 | D:14     | Identified the ring "Roomake" {rN+ SInv}
 27744 | D:14     | Identified the +1 chain mail of Compassion {Slay+3}
 28119 | Spider:1 | Identified the +8 rapier of Forgiveness {venom, Str+5}
 29353 | Spider:3 | Received a gift from Trog
 30336 | Spider:4 | Entered Level 4 of the Spider Nest
 31004 | Spider:4 | Reached XP level 18. HP: 122/192 MP: 5/18
 31014 | Spider:4 | Identified the +6 war axe of Reason {vorpal, Fragile Dex+7
                  | SInv} (Trog gifted it to you on level 4 of the Spider Nest)
 31014 | Spider:4 | Received a gift from Trog
 31213 | Spider:4 | Got a gossamer rune of Zot
 31635 | Swamp:1  | Entered Level 1 of the Swamp
 31658 | Swamp:1  | Found a runed translucent door.
 32820 | Swamp:1  | Reached skill level 15 in Armour
 33416 | Swamp:2  | Found a blossoming altar of Fedhas.
 33431 | Swamp:2  | Received a gift from Trog
 33555 | Swamp:2  | Noticed Jorgrun
 33575 | Swamp:2  | Killed Jorgrun
 34195 | Swamp:3  | Found a hide-covered altar of Uskayaw.
 34602 | Swamp:4  | Entered Level 4 of the Swamp
 34863 | Swamp:4  | Received a gift from Trog
 34868 | Swamp:4  | Noticed Mlioglotl
 34875 | Swamp:4  | Noticed the 27-headed Lernaean hydra
 35045 | Swamp:3  | Killed the 21-headed Lernaean hydra
 35046 | Swamp:3  | Reached XP level 19. HP: 114/202 MP: 8/19
 35198 | Swamp:4  | Killed Mlioglotl
 35396 | Swamp:4  | Got a decaying rune of Zot
 36349 | Elf:1    | Entered Level 1 of the Elven Halls
 36471 | Elf:1    | Got the Folio of Combed Thunderclap
 36489 | Elf:1    | Got the Almanac of Dhcmrlchtdj
 36496 | Elf:1    | Got the Secrets of Axaxaxas mlö
 36625 | Elf:1    | Found an ancient bone altar of Kikubaaqudgha.
 36691 | Elf:1    | Received a gift from Trog
 36956 | Elf:1    | Paralysed by an air elemental for 1 turns
 37008 | Elf:1    | Noticed Aizul
 37010 | Elf:1    | Noticed a Hell Sentinel
 37013 | Elf:1    | Noticed a Tzitzimitl
 37084 | Elf:1    | Noticed an Ice Fiend
 37317 | Elf:1    | Paralysed by an air elemental for 1 turns
 37393 | Elf:1    | Killed Aizul
 37569 | Elf:1    | Got the Codex of Misery
 37882 | Elf:2    | Identified the +7 tower shield of the End {Drain rElec rC+
                  | Stlth+}
 37882 | Elf:2    | Noticed Louise
 37927 | Elf:2    | Killed Louise
 38366 | Elf:2    | Found an ancient bone altar of Kikubaaqudgha.
 38426 | Elf:2    | Paralysed by an air elemental for 1 turns
 38436 | Elf:2    | Paralysed by an air elemental for 1 turns
 38626 | Elf:2    | Found a runed translucent gate.
 38627 | Elf:2    | Found a runed translucent gate.
 38627 | Elf:2    | Found a runed translucent gate.
 39032 | D:14     | Identified the ring "Duytwe" {rElec rPois rN+ Int+4 Slay-6}
 39356 | Elf:3    | Entered Level 3 of the Elven Halls
 39356 | Elf:3    | Found Pethius's Antique Armour Boutique.
 39517 | Elf:3    | Paralysed by an air elemental for 1 turns
 39519 | Elf:3    | Paralysed by an air elemental for 1 turns
 39763 | Elf:3    | Identified the +3 battleaxe "Qeff" {flame, rElec} (Trog
                  | gifted it to you on level 3 of the Elven Halls)
 39763 | Elf:3    | Received a gift from Trog
 40574 | Elf:3    | Reached XP level 20. HP: 203/204 MP: 20/20
 40861 | Elf:3    | Reached skill level 10 in Shields
 41117 | Elf:3    | Identified the +6 glaive "Kaboreone" {vorpal, rElec rC+
                  | Int+4 Stlth+}
 41378 | Elf:3    | Identified the amulet "Fatiask" {Faith Harm rCorr}
 41438 | Elf:3    | Identified the +1 pair of gloves "Meyvy" {rF- Str+3 SInv}
 41473 | Elf:3    | Identified the +2 leather armour of the Elven Halls {Drain
                  | +Inv rN+ Stlth+}
 41482 | Elf:3    | Identified the ring of Ephemeral Luck {rPois Str+4 Int+3}
 41782 | D:10     | Lost mutation: Your flesh is cold resistant. (rC+) [potion
                  | of mutation]
 41782 | D:10     | Lost mutation: Your spells are a little harder to cast, but
                  | a little more powerful. [potion of mutation]
 41782 | D:10     | Gained mutation: You passively dampen the noise of your
                  | surroundings. [potion of mutation]
 41782 | D:10     | Gained mutation: Your flesh is cold resistant. (rC+)
                  | [potion of mutation]
 41784 | D:10     | Lost mutation: Your flesh is cold resistant. (rC+) [potion
                  | of mutation]
 41784 | D:10     | Lost mutation: You passively dampen the noise of your
                  | surroundings. [potion of mutation]
 41784 | D:10     | Gained mutation: You occasionally shout uncontrollably at
                  | your foes. [potion of mutation]
 41784 | D:10     | Gained mutation: Armour fits poorly on your strangely
                  | shaped body. [potion of mutation]
 41785 | D:10     | Lost mutation: You occasionally shout uncontrollably at
                  | your foes. [potion of mutation]
 41785 | D:10     | Lost mutation: Armour fits poorly on your strangely shaped
                  | body. [potion of mutation]
 41785 | D:10     | Gained mutation: You have a somewhat thin skeletal
                  | structure. (Dex +2, Stealth+) [potion of mutation]
 41786 | D:10     | Lost mutation: You have a somewhat thin skeletal structure.
                  | (Dex +2, Stealth+) [potion of mutation]
 41786 | D:10     | Gained mutation: You have an increased reservoir of magic.
                  | (+10% MP) [potion of mutation]
 41786 | D:10     | Gained mutation: You have a pair of small horns on your
                  | head. [potion of mutation]
 41787 | D:10     | Lost mutation: You have a pair of small horns on your head.
                  | [potion of mutation]
 41787 | D:10     | Lost mutation: You have an increased reservoir of magic.
                  | (+10% MP) [potion of mutation]
 41787 | D:10     | Gained mutation: You possess an exceptional clarity of
                  | mind. [potion of mutation]
 41787 | D:10     | Gained mutation: You are strong-willed. (Will+) [potion of
                  | mutation]
 41787 | D:10     | Gained mutation: You are highly strong-willed. (Will++)
                  | [potion of mutation]
 42092 | Depths:1 | Entered Level 1 of the Depths
 42142 | Depths:1 | Noticed a golden dragon
 42144 | Depths:1 | Identified the ring of the Griffon {rF+ rN+ Will- rCorr
                  | MP+9}
 42164 | Depths:1 | Killed a golden dragon
 42337 | Depths:1 | Received a gift from Trog
 43087 | Depths:1 | Found Ingul's Antique Weapon Shop.
 43087 | Depths:1 | Found Gika's Book Boutique.
 43089 | Depths:1 | Found Homygupno's Armour Boutique.
 43093 | Depths:1 | Found Guaps's Jewellery Shop.
 43147 | Depths:1 | Found a gateway to Hell.
 43300 | Depths:1 | Found a one-way gateway to a ziggurat.
 43565 | Depths:1 | Identified the ring "Ukhlihego" {Will+ Str+7 Int-3 Dex+6}
 43568 | Depths:1 | Identified the ring "Rukaqoi" {rF+ Dex+2}
 43575 | Depths:1 | Identified the ring "Beshopt" {Wiz Int+3}
 44013 | Vaults:1 | Entered Level 1 of the Vaults
 44500 | Vaults:1 | Reached skill level 27 in Fighting
 44563 | Vaults:1 | Received a gift from Trog
 44575 | Vaults:1 | Reached XP level 21. HP: 173/224 MP: 16/21
 44584 | Vaults:1 | Identified the +6 bardiche of Conformity {spect, rElec
                  | Str+5 Dex+4}
 45253 | Vaults:2 | Identified the +8 great sword of Hegod {speed, rC- rN+
                  | Will+}
 45954 | Vaults:2 | Identified the +7 dagger "Jaisiak" {venom, Int+3}
 46389 | Vaults:3 | Found Ytrum's Antique Armour Shop.
 46446 | Vaults:3 | Found Esa Saun's Assorted Antiques.
 46478 | Vaults:3 | Bought a scroll of acquirement for 1716 gold pieces
 46478 | Vaults:3 | Acquired the +3 pair of seven-league boots {Rampage+∞}
 46478 | Vaults:3 | Found the +3 pair of seven-league boots {Rampage+∞}
 46804 | Depths:2 | You fall into a shaft and drop 2 floors!
 46804 | Depths:4 | Entered Level 4 of the Depths
 46855 | Depths:4 | Noticed a golden dragon
 46869 | Depths:4 | Killed a golden dragon
 46947 | Depths:4 | Received a gift from Trog
 47000 | Depths:4 | Found Zaiwuit's Jewellery Emporium.
 47001 | Depths:4 | Found Nuhah's Book Boutique.
 47003 | Depths:4 | Found Qooxuah's Jewellery Emporium.
 47158 | Depths:4 | Noticed a caustic shrike
 47158 | Depths:4 | Noticed a caustic shrike
 47158 | Depths:4 | Noticed a caustic shrike
 47179 | Depths:3 | Killed a caustic shrike
 47607 | Depths:3 | Reached XP level 22. HP: 209/233 MP: 22/22
 47666 | Depths:3 | Reached skill level 27 in Axes
 47836 | Depths:3 | Found a one-way gate to the infinite horrors of the Abyss.
 47995 | Depths:2 | Found a one-way gate leading to the halls of Pandemonium.
 48027 | Depths:2 | Reached skill level 15 in Shields
 48230 | Depths:2 | Found a glowing golden altar of the Shining One.
 48298 | Depths:2 | Noticed a golden dragon
 48314 | Depths:2 | Killed a golden dragon
 48332 | Depths:2 | Received a gift from Trog
 48431 | Depths:2 | Noticed a golden dragon
 48443 | Depths:2 | Killed a golden dragon
 48779 | Depths:2 | Found a corrupted altar of Lugonu.
 48875 | Depths:2 | Identified the +4 arbalest of the Harvest {freeze, rElec
                  | rN++}
 49537 | Depths:3 | Identified the +5 demon whip "Killer Klown's Peril" {pain,
                  | *Corrode rPois rF+++ Int+3}
 50327 | Vaults:3 | Found Yjaysil's Book Shoppe.
 50372 | Vaults:3 | Found a staircase to the Crypt.
 50372 | Vaults:3 | Found a basalt altar of Yredelemnul.
 50373 | Vaults:3 | Found an ancient bone altar of Kikubaaqudgha.
 50444 | Vaults:3 | Received a gift from Trog
 50642 | Vaults:3 | Found Odosojad's Antique Armour Emporium.
 50767 | Vaults:3 | Identified the +8 sling "Kifochy" {speed, rC++}
 50880 | Vaults:3 | Found Buvit's Magic Scroll Shop.
 50910 | Vaults:3 | Bought a scroll of blinking for 150 gold pieces
 50910 | Vaults:3 | Bought a scroll of blinking for 150 gold pieces
 50910 | Vaults:3 | Bought a scroll of teleportation for 60 gold pieces
 51334 | Vaults:4 | Identified the +8 morningstar "Fresh Ogrebane" {vorpal, rN+
                  | Will- SInv} (Trog gifted it to you on level 4 of the
                  | Vaults)
 51334 | Vaults:4 | Received a gift from Trog
 51335 | Vaults:4 | Reached XP level 23. HP: 229/240 MP: 23/23
 51370 | Vaults:4 | Found Gouryin's Armour Boutique.
 51660 | Vaults:4 | Found Noidaats's Distillery.
 51668 | Vaults:4 | Bought a potion of haste for 160 gold pieces
 51668 | Vaults:4 | Bought a potion of curing for 48 gold pieces
 51668 | Vaults:4 | Bought a potion of cancellation for 128 gold pieces
 51668 | Vaults:4 | Bought a potion of haste for 160 gold pieces
 51668 | Vaults:4 | Bought a potion of lignification for 48 gold pieces
 51668 | Vaults:4 | Bought a potion of curing for 48 gold pieces
 51696 | Vaults:4 | Found the +8 longbow "Zephyr" {speed, Dex+3 SInv}
 51834 | Vaults:4 | Found Oczeah's Distillery.
 51842 | Vaults:4 | Bought a potion of haste for 210 gold pieces
 51842 | Vaults:4 | Bought a potion of haste for 210 gold pieces
 51842 | Vaults:4 | Bought a potion of haste for 210 gold pieces
 51842 | Vaults:4 | Bought a potion of curing for 63 gold pieces
 51842 | Vaults:4 | Bought a potion of mutation for 168 gold pieces
 51842 | Vaults:4 | Bought a potion of mutation for 168 gold pieces
 51853 | Vaults:4 | Received a gift from Trog
 53268 | Spider:2 | Killed endersaim's ghost
 53279 | Spider:2 | Identified the ring of Xom's Recklessness {Fly rF+ Will-
                  | Dex+4}
 53791 | Depths:4 | Found a gate to the Realm of Zot.
 53910 | Depths:4 | Received a gift from Trog
 53922 | Depths:4 | Killed a caustic shrike
 53927 | Depths:4 | Killed a caustic shrike
 54097 | Depths:4 | Identified the +0 ring mail of Ykhilufu {rC- Str+4}
 54768 | Vaults:5 | Entered Level 5 of the Vaults
 54770 | Vaults:5 | Noticed Bai Suzhen
 54795 | Vaults:5 | Killed Bai Suzhen
 54796 | Vaults:5 | Reached XP level 24. HP: 214/249 MP: 10/23
 54954 | Vaults:5 | Received a gift from Trog
 55059 | Vaults:5 | Noticed a dread lich
 55075 | Vaults:5 | Killed a dread lich
 55081 | Vaults:5 | Noticed a caustic shrike
 55081 | Vaults:5 | an iron dragon changed into a caustic shrike
 55087 | Vaults:5 | a caustic shrike changed into an acid blob
 55240 | Vaults:5 | Identified the +8 halberd of the Desert {flame, rN+ Int+3}
 55285 | Vaults:5 | Noticed Jory
 55303 | Vaults:5 | Killed Jory
 55536 | Vaults:5 | Got a silver rune of Zot
 55543 | Vaults:5 | Identified the +9 falchion "Jellyslayer" {vorpal, rPois}
 55647 | Vaults:5 | Noticed a caustic shrike
 55648 | Vaults:5 | a caustic shrike changed into a shadow dragon
 55650 | Vaults:5 | Noticed a caustic shrike
 55650 | Vaults:5 | a shadow dragon changed into a caustic shrike
 55658 | Vaults:5 | a caustic shrike changed into a fenstrider witch
 55683 | Vaults:5 | Identified the +5 plate armour "Noraock" {rN+ Str+4 Dex+3}
 55783 | Vaults:5 | Identified the +0 robe of the Poles {+Inv MP+9 Dex+2
                  | Stlth-}
 55821 | Vaults:5 | Received a gift from Trog
 56017 | Vaults:5 | Got Sif Muna's Reference Book on Shifting Evolution
 56175 | Vaults:5 | Found the ring of the Octopus King
 56185 | Vaults:5 | Identified a ring of the Octopus King {rCorr HP+2 AC+2 EV+2
                  | SH+2}
 56500 | Vaults:5 | Found the +7 Singing Sword {vorpal, sonic wave}
 56580 | Vaults:5 | Got the Essays on Snow
 57615 | Zot:1    | Entered Level 1 of the Realm of Zot
 58078 | Zot:1    | Reached XP level 25. HP: 126/254 MP: 4/23
 58421 | Zot:1    | Found a runed translucent gate.
 58421 | Zot:1    | Found a runed translucent gate.
 58421 | Zot:1    | Found a runed translucent gate.
 58422 | Zot:1    | Noticed Yliz's ghost (legendary DsBe)
 58784 | Zot:2    | Received a gift from Trog
 58984 | Zot:2    | Identified the ring "Fiorhinn" {Ice Str+4 Int-2}
 58984 | Zot:2    | Noticed Josephina
 58991 | Zot:2    | Killed Josephina
 60274 | Zot:3    | Received a gift from Trog
 60953 | Zot:4    | Identified the +4 long sword of Doom {vorpal, rPois Will+}
 61649 | Zot:4    | Reached skill level 27 in Shields
 63005 | Depths:2 | Voluntarily entered the Abyss.
 63364 | Abyss:3  | Reached XP level 26. HP: 259/266 MP: 23/23
 63721 | Abyss:5  | Paralysed by accursed screaming for 1 turns
 63727 | Abyss:5  | Paralysed by accursed screaming for 1 turns
 63731 | Abyss:5  | Lost intelligence.
 63739 | Abyss:5  | Received a gift from Trog
 63758 | Abyss:5  | Noticed a dread lich
 63765 | Abyss:5  | Killed a dread lich
 63774 | Depths:2 | Escaped the Abyss
 64208 | Depths:2 | Voluntarily entered the Abyss.
 64240 | Abyss:5  | Got an abyssal rune of Zot
 64270 | Abyss:5  | Paralysed by accursed screaming for 1 turns
 64404 | Abyss:5  | Lost intelligence.
 64423 | Abyss:5  | Received a gift from Trog
 64488 | Abyss:5  | Gained mutation: Your body sometimes deteriorates upon
                  | taking damage. [a cacodemon]
 64496 | Abyss:5  | Lost mutation: You possess an exceptional clarity of mind.
                  | [a cacodemon]
 64499 | Abyss:5  | Gained mutation: Your spells are a little easier to cast,
                  | but a little less powerful. [a cacodemon]
 64500 | Abyss:5  | Gained mutation: You are weak. (Str -2) [a cacodemon]
 64532 | Abyss:5  | Gained mutation: You are occasionally teleported next to
                  | monsters. [a cacodemon]
 64584 | Abyss:5  | Lost intelligence.
 64651 | Abyss:5  | Gained mutation: You are clumsy. (Dex -2) [a neqoxec]
 64702 | Abyss:5  | Lost mutation: You are occasionally teleported next to
                  | monsters. [a neqoxec]
 64714 | Abyss:5  | Gained mutation: You are dopey. (Int -2) [a neqoxec]
 64755 | Abyss:5  | Received a gift from Trog
 64787 | Abyss:5  | Gained mutation: You are very clumsy. (Dex -4) [a neqoxec]
 64826 | Depths:2 | Escaped the Abyss
 65181 | Depths:1 | Lost mutation: Your body sometimes deteriorates upon taking
                  | damage. [potion of mutation]
 65181 | Depths:1 | Lost mutation: You are highly strong-willed. (Will++)
                  | [potion of mutation]
 65181 | Depths:1 | Lost mutation: You are dopey. (Int -2) [potion of mutation]
 65181 | Depths:1 | Lost mutation: You are strong-willed. (Will+) [potion of
                  | mutation]
 65181 | Depths:1 | Gained mutation: You are partially covered in iridescent
                  | scales. (AC +2) [potion of mutation]
 65181 | Depths:1 | Gained mutation: You have a pair of small horns on your
                  | head. [potion of mutation]
 65182 | Depths:1 | Lost mutation: You have a pair of small horns on your head.
                  | [potion of mutation]
 65182 | Depths:1 | Lost mutation: Your spells are a little easier to cast, but
                  | a little less powerful. [potion of mutation]
 65182 | Depths:1 | Lost mutation: You are partially covered in iridescent
                  | scales. (AC +2) [potion of mutation]
 65182 | Depths:1 | Gained mutation: Your mind is acute. (Int +4, Str/Dex -1)
                  | [potion of mutation]
 65184 | Depths:1 | Lost mutation: You are very clumsy. (Dex -4) [potion of
                  | mutation]
 65184 | Depths:1 | Lost mutation: You are weak. (Str -2) [potion of mutation]
 65184 | Depths:1 | Lost mutation: Your mind is acute. (Int +4, Str/Dex -1)
                  | [potion of mutation]
 65184 | Depths:1 | Lost mutation: You are clumsy. (Dex -2) [potion of
                  | mutation]
 65184 | Depths:1 | Gained mutation: You have a pair of small horns on your
                  | head. [potion of mutation]
 65184 | Depths:1 | Gained mutation: Your mind is acute. (Int +4, Str/Dex -1)
                  | [potion of mutation]
 65185 | Depths:1 | Lost mutation: Your mind is acute. (Int +4, Str/Dex -1)
                  | [potion of mutation]
 65185 | Depths:1 | Lost mutation: You have a pair of small horns on your head.
                  | [potion of mutation]
 65185 | Depths:1 | Gained mutation: You have sharp fingernails. [potion of
                  | mutation]
 65185 | Depths:1 | Gained mutation: You occasionally lose the ability to read
                  | scrolls when taking damage. [potion of mutation]
 65185 | Depths:1 | Gained mutation: You sometimes lose the ability to read
                  | scrolls when taking damage. [potion of mutation]
 65185 | Depths:1 | Gained mutation: You are covered in fur. (AC +1) [potion of
                  | mutation]
 65186 | Depths:1 | Lost mutation: You have sharp fingernails. [potion of
                  | mutation]
 65186 | Depths:1 | Lost mutation: You sometimes lose the ability to read
                  | scrolls when taking damage. [potion of mutation]
 65186 | Depths:1 | Lost mutation: You occasionally lose the ability to read
                  | scrolls when taking damage. [potion of mutation]
 65186 | Depths:1 | Gained mutation: Your spells are a little easier to cast,
                  | but a little less powerful. [potion of mutation]
 65186 | Depths:1 | Gained mutation: You are agile. (Dex +4, Str/Int -1)
                  | [potion of mutation]
 65187 | Depths:1 | Lost mutation: You are agile. (Dex +4, Str/Int -1) [potion
                  | of mutation]
 65187 | Depths:1 | Lost mutation: You are covered in fur. (AC +1) [potion of
                  | mutation]
 65187 | Depths:1 | Gained mutation: Your spells are easier to cast, but less
                  | powerful. [potion of mutation]
 65187 | Depths:1 | Gained mutation: You have a pair of small horns on your
                  | head. [potion of mutation]
 65187 | Depths:1 | Lost mutation: Your spells are easier to cast, but less
                  | powerful. [potion of mutation]
 65400 | Elf:3    | Bought a glowing hat for 210 gold pieces
 65401 | Elf:3    | Lost mutation: Your spells are a little easier to cast, but
                  | a little less powerful. [potion of mutation]
 65401 | Elf:3    | Lost mutation: You have a pair of small horns on your head.
                  | [potion of mutation]
 65401 | Elf:3    | Gained mutation: You have large cloven feet. [potion of
                  | mutation]
 65739 | D:13     | You showed the abyssal rune of Zot to enter a treasure
                  | trove
 65740 | Trove    | Entered a treasure trove
 65789 | Trove    | Found the ring of the Hare {EV+8}
 65793 | Trove    | Identified the ring of Dutes {rElec rPois rC+ Str+6 Int+2}
 66286 | Slime:1  | Entered Level 1 of the Pits of Slime
 66609 | Slime:4  | Gained mutation: You occasionally lose the ability to read
                  | scrolls when taking damage. [a shining eye]
 66612 | Slime:5  | Entered Level 5 of the Pits of Slime
 66619 | Slime:4  | Gained mutation: You are clumsy. (Dex -2) [a shining eye]
 66620 | Slime:4  | Gained mutation: Armour fits poorly on your strangely
                  | shaped body. [a shining eye]
 66646 | Slime:4  | Received a gift from Trog
 66658 | Slime:5  | Gained mutation: Your magical capacity is low. (-10% MP) [a
                  | shining eye]
 66707 | Slime:5  | Noticed the Royal Jelly
 66731 | Slime:5  | Paralysed by a floating eye for 3 turns
 66737 | Slime:5  | Reached XP level 27. HP: 273/273 MP: 4/20
 66759 | Slime:4  | Gained mutation: You are frail. (-10% HP) [a shining eye]
 67052 | Slime:5  | Gained mutation: You have hidden genetic defects. [a
                  | shining eye]
 67057 | Slime:4  | Gained mutation: You are dopey. (Int -2) [a shining eye]
 67361 | Slime:5  | Killed the Royal Jelly
 67402 | Slime:5  | Found the +6 Majin-Bo {vamp, MP+6 Int+6}
 67402 | Slime:5  | Found the +8 demon trident "Rift" {distort, reach+}
 67412 | Slime:5  | Got the Collected Works on Excavation and the Storm
 67414 | Slime:5  | Got a slimy rune of Zot
 67435 | Slime:5  | Got the Tome of Aerial Stones
 67524 | Slime:5  | Got the Commentary on Transformation and the Commander
 68635 | Depths:1 | Bought the amulet of Ifossoek {Regen+ Str+4 Int+3 Dex+2}
                  | for 1229 gold pieces
 68635 | Depths:1 | Bought the ring "Kaozyor" {rC+ rCorr Int-5 SInv} for 530
                  | gold pieces
 69258 | Zig:1    | Entered Level 1 of a ziggurat
 69258 | Zig:1    | Noticed a juggernaut
 69267 | Zig:1    | Killed a juggernaut
 69284 | Zig:2    | Entered Level 2 of a ziggurat
 69313 | Zig:2    | Reached skill level 27 in Armour
 69411 | Zig:3    | Entered Level 3 of a ziggurat
 69558 | Zig:4    | Entered Level 4 of a ziggurat
 69584 | Zig:4    | Identified the +1 scale mail "Ruuborroc" {rC- Will+ Dex+2
                  | Slay+2}
 69587 | Zig:4    | Identified the +1 scale mail "Xeliotie" {rElec rCorr MP-9
                  | Stlth+}
 69600 | Zig:5    | Entered Level 5 of a ziggurat
 69603 | Zig:5    | Noticed a royal mummy
 69619 | Zig:5    | HP: 10/367 [frost giant skeleton (12)]
 69624 | Zig:5    | HP: 17/358 [royal mummy (9)]
 69624 | Zig:5    | Slain by an emperor scorpion

Illustrated notes

Levels and vault maps discovered:
D:1:      dpeg_arrival_morbid_curiosity, layout_basic,
          dreamdust_ecumenical_altar_drowned_temple, minmay_rat_gold_closets
D:2:      layout_basic, basic_altar
D:3:      layout_rooms, nicolae_ru_awakened_eye, minmay_misc_feat_x,
          grunt_ministairs_2, uniq_grinder
D:4:      layout_cave_pods
D:5:      layout_gridville, nicolae_elyvilon_temple_path, minitemple,
          nicolae_uskayaw_dance_hall
D:6:      layout_cave_pools, lemuel_tele_altar
D:7:      layout_gridville, minmay_temple_entry_large_hall,
          hangedman_abyss_or_decor_lesser_grid, small_statue_intersection
D:8:      layout_layer_cave, serial_glass, glass_columns_b, glass_columns_b,
          glass_columns_c, glass_columns_a, glass_columns_c, glass_columns_a,
          glass_columns_a, glass_columns_c, glass_columns_b, glass_columns_a,
          glass_columns_a, glass_columns_a, glass_columns_a, glass_columns_b,
          uniq_joseph, uniq_psyche
D:9:      layout_roguey
D:10:     layout_basic, lemuel_crystal_altar, david_lair_shrubbed, uniq_erolcha
D:11:     layout_basic
D:12:     layout_grid_maze, erik_orc_3, serial_shops, shop_fountains,
          uniq_nessos
D:13:     layout_gridville, lightli_vaults_fourway_checkpoint,
          nicolae_trove_entry_path_of_doom, uniq_frances
D:14:     layout_stronghold, gammafunk_ghost_smash, minivault_1,
          minmay_crystal_box
D:15:     grunt_enter_depths_snipers, layout_basic,
          chequers_serial_rivers_small_a, kennysheep_inner_square
Temple:   hellmonk_temple_divided_pantheon
Lair:1:   layout_gridlike, grunt_megastairs_1, lemuel_fruit_tree,
          infiniplex_staircase_pool_2, uniq_sonja
Lair:2:   layout_cave_pods, dummy_spider_entry
Lair:3:   wander_river, layout_long_grid, swamp_mist, bobbens_dragon_lair_wall,
          serial_bayou_shore_b
Lair:4:   layout_misc_corridors, dpeg_slime_entry_enclosed
Lair:5:   wormcave, layout_gridlike, guppyfry_lair_end_dragon, basic_altar
Swamp:1:  gammafunk_mikee_crab_dinner, layout_basic_swamp, serial_swamp_ruin,
          evilmike_swamp_ruin_house_2, evilmike_swamp_ruin_rubble_1,
          evilmike_swamp_ruin_house_4
Swamp:2:  nicolae_swamp_phyte_club, layout_falls_marsh, basic_altar,
          swamp_pool4, uniq_jorgrun
Swamp:3:  layout_falls_marsh, basic_altar
Swamp:4:  swamp, layout_basic_swamp, swamp_pool1, uniq_mlioglotl
Spider:1: layout_chambers, nicolae_spider_circle_web, uniq_nikola
Spider:2: layout_spider_delve, portal_ice_cave_entry_pillars_four,
          gammafunk_ghost_split
Spider:3: layout_chambers, nicolae_spider_swamp_cousins,
          hangedman_spider_tarantella_strand
Spider:4: grunt_spider_rune_circles
Slime:1:  layout_caves
Slime:2:  layout_caves
Slime:3:  layout_caves
Slime:4:  layout_caves, cheibrodos_slime_lost_civilization_4
Slime:5
Orc:1:    layout_diamond_mine, nicolae_orc_sculptors_studio,
          okawaru_metal_pillars_1_2
Orc:2:    grunt_orc_community_town_hall, layout_caves,
          grunt_orc_community_big_house_2, grunt_orc_community_big_house_1,
          grunt_orc_community_house_2, grunt_orc_community_house_2,
          grunt_orc_community_house_2, grunt_orc_community_house_1,
          serial_shops, bzr_entry_customers, basic_altar, uniq_saint_roka,
          uniq_azrael
Elf:1:    nicolae_elf_arrival_fired_up, layout_onion_city, basic_altar,
          kennysheep_underground_church, palyth_stone_intersect, minivault_11,
          bh_hangedman_babel_library, uniq_aizul
Elf:2:    nicolae_elf_blades_crystal_corner, layout_loops_corners, basic_altar,
          uniq_louise
Elf:3:    minmay_elf_hall_circle, layout_gridlike, serial_shops,
          nicolae_shop_statue_plus
Vaults:1: ontoclasm_vaults_ring_small, vaults_dpeg_encased_lava,
          nicolae_vaults_little_squares_2, vaults_mumra_chevron_long,
          nicolae_vaults_little_squares_1, v_pattern_4,
          nicolae_vaults_what_the_h, v_misc_28, ontoclasm_vaults_hangar,
          vaults_mumra_hex, ontoclasm_vaults_decontamination,
          layout_vaults_omnibox
Vaults:2: vaults_room_stairs_pillars, vaults_room_large_hall, v_misc_25,
          v_misc_19, dpeg_vaults_monster_box, layout_vaults_omnigrid
Vaults:3: vaults_dpeg_hooks, v_misc_10, dpeg_vaults_hating_casters,
          minmay_crypt_entry_necro_gods, v_misc_33, v_misc_29,
          nicolae_vaults_rhombus_5, nicolae_vaults_mini_display_case,
          layout_vaults_chaotic_city, serial_shops, nicolae_shop_hallway_stairs,
          nicolae_square_shop, shop, nicolae_shop_hallway_stairs,
          nicolae_shop_hallway_stairs
Vaults:4: nicolae_vaults_three_branches, vaults_mumra_bighexcomb, v_misc_8,
          ontoclasm_vaults_eye, grunt_vaults_bifocal, v_alt_pattern_6,
          hangedman_vaults_maws, grunt_vaults_diagonal,
          nicolae_vaults_triangles, vaults_mumra_minichess_inversion,
          vaults_dpeg_ring, layout_vaults_omnicross, serial_shops, shop,
          nicolae_square_shop, shop
Vaults:5: serial_shops, uniq_bai_suzhen, uniq_jory
Depths:1: minmay_the_grid_triangle_9x9_rhombus_thin_mashed
          [minmay_the_grid_triangle_9x9_longest,
          minmay_the_grid_triangle_9x9_prize_special,
          minmay_the_grid_triangle_9x9_wacky_v,
          minmay_the_grid_triangle_9x9_descending_squares], layout_cave_shapes,
          enter_ziggurat_a, chequers_serial_rivers_small_a,
          pf_hell_entry_tar_river, minislime_mu, minmay_shoptagon
Depths:2: minmay_octo_star, layout_gridlike, pf_vacation_house_of_asmodeus,
          nicolae_tso_swordbearing_angel, abyss_entry_flame_altar,
          rand_demon_pan_entry_7, infiniplex_staircase_x
Depths:3: grunt_bruiser_brothers, layout_cave_pools, minmay_misc_feat_rows,
          abyss_entry_small_statue_room, hellmouth_1
Depths:4: grunt_x_marks_the_spot, layout_cave_pools, hell_entry,
          skrybe_limestone_x, minmay_shop_grove
Zot:1:    kennysheep_bubbly, layout_basic, ebering_ghost_rock_garden
Zot:2:    layout_cellular_growth, hangedman_spider_trapstep, lemuel_elevator,
          uniq_josephina
Zot:3:    layout_basic
Zot:4:    layout_onion
Zig:5

Skill      XL: |  1  2  3  4  5  6  7  8  9 10 11 12 13 14 15 16 17 18 19 20 21 22 23 24 25 26 27 |
---------------+----------------------------------------------------------------------------------+-----
Fighting       | 4 5 8 11 15 17 19 21 22 24 25 26 27 | 27.0
Axes           | 5 6 8 9 11 13 16 17 18 19 20 21 22 23 24 25 26 27 | 27.0
Armour         | 3 5 6 7 8 9 10 12 13 14 16 17 18 19 20 21 22 26 27 | 27.0
Dodging        | 2 3 4 5 6 7 8 9 |  9.8
Shields        | 4 6 7 8 9 11 14 17 21 24 27 | 27.0
Maces & Flails | |  0.8

Action                   |  1- 3 |  4- 6 |  7- 9 | 10-12 | 13-15 | 16-18 | 19-21 | 22-24 | 25-27 || total
-------------------------+-------+-------+-------+-------+-------+-------+-------+-------+-------++-------
Melee: Hand axe          |   116 |   142 |   112 |       |       |       |       |       |       ||   370
       Punch             |     3 |     2 |     3 |     3 |     6 |       |       |       |       ||    17
       War axe           |       |       |   140 |   484 |  1082 |  1528 |  1351 |  1671 |  1867 ||  8123
       Unarmed           |       |       |       |     2 |       |       |       |       |     2 ||     4
       Broad axe         |       |       |       |       |    21 |   105 |   244 |       |   115 ||   485
Invok: Berserk           |     4 |     4 |    13 |    16 |    16 |    12 |    12 |     6 |     3 ||    86
       Trog's Hand       |       |       |     3 |     4 |     8 |     2 |     5 |     1 |     9 ||    32
       Brothers in Arms  |       |       |       |       |     4 |     1 |     1 |     2 |     7 ||    15
Evoke: Wand              |       |       |     3 |       |     6 |       |     4 |       |       ||    13
       Condenser vane    |       |       |       |       |     1 |       |       |       |     1 ||     2
  Use: Potion            |       |       |     7 |     1 |     6 |     7 |    11 |     7 |    24 ||    63
       Scroll            |       |       |    10 |    11 |    17 |     8 |    13 |     5 |    13 ||    77
 Stab: Confused          |       |       |       |       |     1 |       |       |       |     2 ||     3
       Paralysed         |       |       |       |       |       |     1 |       |       |       ||     1
       Distracted        |       |       |       |       |       |       |       |       |     2 ||     2
Armor: Animal skin       |     6 |       |       |       |       |       |       |       |       ||     6
       Leather armour    |    35 |     7 |       |       |       |       |       |       |       ||    42
       Ring mail         |       |    39 |    91 |   131 |   138 |       |       |       |       ||   399
       Skin              |       |       |       |     2 |       |     1 |       |       |    70 ||    73
       Plate armour      |       |       |       |       |   401 |  1608 |  1255 |   843 |   503 ||  4610
       Chain mail        |       |       |       |       |    83 |   197 |       |       |       ||   280
       Gold dragon scale |       |       |       |       |       |       |       |       |   431 ||   431
Dodge: Dodged            |    77 |    78 |   101 |   195 |   465 |   787 |   611 |   455 |   520 ||  3289
Block: Buckler           |       |       |       |       |    64 |   453 |   486 |   269 |       ||  1272
       Tower shield      |       |       |       |       |       |       |       |   991 |  2445 ||  3436
